 Dungeon Crawl Stone Soup version 0.20.1-1-g8b1a95d (webtiles) character file.

842 ReteAZ the Grappler (level 7, -1/66 HPs)
             Began as a Troll Monk on Aug 6, 2017.
             Killed by divine providence
             ... invoked by an orc priest
              (13 damage)
             ... on level 6 of the Dungeon.
             The game lasted 00:06:43 (3489 turns).

ReteAZ the Grappler (Troll Monk)                    Turns: 3489, Time: 00:06:44

Health: -1/66      AC:  7    Str: 20    XL:     7   Next: 67%
Magic:  6/6        EV: 10    Int:  8    God:
Gold:   234        SH:  0    Dex: 12    Spells: 6/6 levels left

rFire    . . .     SeeInvis .     - Unarmed
rCold    . . .     Gourm    +   (no shield)
rNeg     + . .     Faith    +   a - +0 robe
rPois    .         Spirit   .   i - +2 hat
rElec    .         Reflect  .   (no cloak)
rCorr    .         Harm     .   (gloves unavailable)
MR       .....                  (boots unavailable)
Stlth    +++.......             y - amulet of faith
Regen    0.7/turn               l - ring of stealth
MPRegen  0.1/turn               s - ring of positive energy

@: no status effects
A: unfitting armour, claws 3, fast metabolism 3, gourmand, regeneration 1,
shaggy fur 1, tough skin 2
a: no special abilities


You were on level 6 of the Dungeon.
You were full.

You visited 1 branch of the dungeon, and saw 6 of its levels.

You collected 234 gold pieces.

Inventory:

Missiles
 C - 6 tomahawks (quivered)
Armour
 a - a +0 robe (worn)
 i - a +2 hat (worn)
Jewellery
 l - a ring of stealth (left claw)
 s - a ring of positive energy (right claw)
 y - an amulet of faith (around neck)
Scrolls
 c - 2 scrolls of remove curse {unknown}
 d - 6 scrolls of identify {unknown}
 e - a scroll of enchant weapon {unknown}
 g - 2 scrolls of teleportation {unknown}
 h - a scroll of noise {unknown}
 j - 2 scrolls of magic mapping {unknown}
 o - a scroll of fear {unknown}
 t - 3 scrolls of enchant armour {unknown}
 w - 2 scrolls of recharging {unknown}
 z - a scroll of immolation {unknown}
 A - a scroll of amnesia {unknown}
Potions
 k - 2 potions of lignification {unknown}
 n - 3 potions of heal wounds {unknown}
 p - 3 potions of curing {unknown}
 r - a potion of flight {unknown}
 u - a potion of mutation {unknown}
 v - a potion of invisibility {unknown}
 x - a potion of might {unknown}
 B - a potion of agility {unknown}
Comestibles
 b - 7 bread rations
 f - 2 royal jellies
 m - 5 fruits
 q - 2 meat rations


   Skills:
 - Level 2.4 Fighting
 - Level 2.4 Dodging
 - Level 1.0 Stealth
 + Level 9.2 Unarmed Combat


You had 6 spell levels left.
You didn't know any spells.

Dungeon Overview and Level Annotations

Branches:
Dungeon (7/15)
 Temple: D:4-7

Altars:
Ashenzari
Hepliaklqana
Kikubaaqudgha
Okawaru
Qazlal
Yredelemnul

Shops:
D:7 =

Annotations:
D:6 gwathlobal's ghost, novice HOMo


Innate Abilities, Weirdness & Mutations

You are too large for most types of armour.
You have claws for hands.
Your metabolism is lightning-fast.
You like to eat raw meat.
Your natural rate of healing is unusually fast.
You are covered in fur. (AC +1)
You have very tough skin. (AC +2)


Message History

Gwathlobal's ghost hits you.
You barely miss gwathlobal's ghost.
Gwathlobal's ghost is severely damaged.
Gwathlobal's ghost hits you.
The orc priest mumbles some strange prayers to Beogh against you.
Beogh smites you!
* * * LOW HITPOINT WARNING * * *
You barely miss gwathlobal's ghost.
You claw gwathlobal's ghost, but do no damage.
Gwathlobal's ghost is severely damaged.
Gwathlobal's ghost hits you!
* * * LOW HITPOINT WARNING * * *
You closely miss gwathlobal's ghost.
Gwathlobal's ghost is severely damaged.
You barely miss gwathlobal's ghost.
Gwathlobal's ghost is severely damaged.
Gwathlobal's ghost closely misses you.
The orc priest mumbles some strange prayers to Beogh against you.
Beogh smites you!
You die...

#.#.#.# #.#.#.######
#####.#.#.......
........W..####
.##########.#.......#######.
...........oo........†......
.##########o#####.#.########
#W# #...# #@# ##..# #.# #..#
#.# ##.# #.# #..
#.########.# #..........
###########


You could see an orc priest, gwathlobal's ghost and 2 orcs.

Vanquished Creatures
  A sky beast (D:6)
  An orc warrior (D:4)
  2 ogres (D:4)
  2 scorpions (D:6)
  An orc priest (D:4)
  2 hounds (D:4)
  An orc wizard (D:4)
  3 worker ants
  A killer bee zombie (D:7)
  A gnoll (D:1)
  7 adders
  An ooze (D:1)
  5 worms (D:2)
  3 dart slugs
  5 leopard geckos
  9 orcs
  A ball python (D:2)
  3 bats
  2 giant cockroaches
  5 goblins
  11 hobgoblins
  6 jackals
  A quokka (D:4)
  9 frilled lizards
  6 kobolds
  A quokka skeleton (D:4)
  6 rats
96 creatures vanquished.

Notes
Turn   | Place    | Note
-------+----------+-------------------------------------------
     0 | D:1      | ReteAZ the Troll Monk began the quest for the Orb.
     0 | D:1      | Reached XP level 1. HP: 22/22 MP: 0/0
    80 | D:1      | Reached XP level 2. HP: 9/29 MP: 1/1
   153 | D:1      | Reached skill level 4 in Unarmed Combat
   313 | D:1      | Reached XP level 3. HP: 36/36 MP: 2/2
   612 | D:2      | Found a stormy altar of Qazlal.
   805 | D:2      | Reached XP level 4. HP: 44/44 MP: 3/3
   815 | D:2      | Reached skill level 5 in Unarmed Combat
   965 | D:2      | Found a basalt altar of Yredelemnul.
   965 | D:2      | Found an iron altar of Okawaru.
   965 | D:2      | Found a hazy altar of Hepliaklqana.
   966 | D:2      | Found an ancient bone altar of Kikubaaqudgha.
   966 | D:2      | Found a shattered altar of Ashenzari.
  2150 | D:3      | Reached XP level 5. HP: 45/50 MP: 4/4
  2172 | D:4      | Reached skill level 6 in Unarmed Combat
  2561 | D:4      | Noticed an ogre
  2566 | D:4      | Killed an ogre
  2566 | D:4      | Reached skill level 7 in Unarmed Combat
  2566 | D:4      | Reached XP level 6. HP: 36/59 MP: 5/5
  2888 | D:4      | Noticed an orc warrior
  2901 | D:4      | Killed an orc warrior
  2901 | D:4      | Reached skill level 8 in Unarmed Combat
  2901 | D:4      | Reached XP level 7. HP: 44/66 MP: 6/6
  3111 | D:4      | You fall through a shaft for 3 floors!
  3239 | D:7      | Found Saromiug's Jewellery Boutique.
  3274 | D:6      | Reached skill level 9 in Unarmed Combat
  3462 | D:6      | Noticed gwathlobal's ghost (novice HOMo)
  3489 | D:6      | Killed from afar by an orc priest

Skill      XL: |  1  2  3  4  5  6  7 |
---------------+----------------------+-----
Unarmed Combat | 4 5 7 8 9 |  9.2
Fighting       | |  2.4
Dodging        | |  2.4
Stealth        | |  1.0

Action                   |  1- 3 |  4- 6 |  7- 9 || total
-------------------------+-------+-------+-------++-------
Melee: Unarmed           |    79 |   126 |    47 ||   252
       Punch             |       |     3 |     2 ||     5
Throw: Tomahawk          |       |       |     4 ||     4
 Stab: Sleeping          |     1 |     9 |       ||    10
  Eat: Chunk             |    13 |    18 |     3 ||    34
Armor: Robe              |    24 |    39 |     7 ||    70
Dodge: Dodged            |    34 |    51 |    12 ||    97
